 Dungeon Crawl Stone Soup version 0.18-a0-1577-gf591c28 (webtiles) character file.

53 namelastname112 the Scratcher (level 3, 0/18 HPs)
             Began as a Felid Monk on Mar 20, 2016.
             Slain by a scorpion (2 damage)
             ... on level 4 of the Dungeon.
             The game lasted 00:04:44 (3422 turns).

namelastname112 the Scratcher (Felid Monk)          Turns: 3422, Time: 00:04:44

Health: 0/18       AC:  1    Str:  7    XL:     3   Next: 62%
Magic:  4/4        EV: 20    Int: 12    God:
Gold:   168        SH:  0    Dex: 18    Spells: 0 memorised, 2 levels left
                                        Lives:  0   Deaths: 1

rFire  . . .     SeeInvis +       - Unarmed
rCold  . . .     Gourm    .     (armour unavailable)
rNeg   . . .     Faith    .     (shield unavailable)
rPois  .         Spirit   .     (helmet unavailable)
rElec  .         Dismiss  .     (cloak unavailable)
rCorr  .         Reflect  .     (gloves unavailable)
SustAt .         Harm     .     (boots unavailable)
MR     .....     Rnd*Tele +     (no amulet)
Stlth  +++.......               (no ring)
                                j - ring of teleportation (curse)

@: quick, not resistant to hostile enchantments, fairly stealthy
A: no armour, no weapons or thrown items, claws 1, fangs 3, see invisible,
carnivore 3, speed 1, shaggy fur 1, slow metabolism 1, sharp paws
a: no special abilities


You were on level 4 of the Dungeon.
You were not hungry.

You visited 1 branch of the dungeon, and saw 4 of its levels.

You collected 168 gold pieces.

Inventory:

Jewellery
 j - a cursed ring of teleportation (left paw)
Scrolls
 f - a scroll of remove curse {unknown}
 h - a scroll of enchant armour {unknown}
Potions
 b - a potion of resistance {unknown}
 c - 2 potions of ambrosia {unknown}
 d - a potion of heal wounds {unknown}
 e - a potion of agility {unknown}
 g - a potion of degeneration {unknown}
 k - a potion of curing {unknown}
Comestibles
 a - a meat ration
 i - a beef jerky


   Skills:
 + Level 3.7 Fighting
 + Level 4.5 Dodging
 + Level 3.6 Stealth
 * Level 4.8 Unarmed Combat


You had 2 spell levels left.
You didn't know any spells.

Dungeon Overview and Level Annotations

Branches:
Dungeon (4/15)
 Temple: D:4-7

Altars:
Xom
Zin


Innate Abilities, Weirdness & Mutations

You cannot wear armour.
You are incapable of wielding weapons or throwing items.
You have sharp claws.
You have razor-sharp teeth.
You have supernaturally acute eyesight.
You are carnivorous and can eat meat at any time.
You cover ground quickly.
You are covered in fur (AC +1).
You have a slow metabolism.
Your sharp claws are effective at attacking unaware monsters.


Message History

The scorpion is heavily wounded.
The scorpion barely misses you.
You scratch the scorpion but do no damage.
The scorpion is heavily wounded.
The scorpion stings you but does no damage.
You scratch the scorpion.
The scorpion is heavily wounded.
The scorpion stings you!
Ouch! That really hurt!
* * * LOW HITPOINT WARNING * * *
You are too injured to fight recklessly!
You are too injured to fight recklessly!
You closely miss the scorpion.
The scorpion is heavily wounded.
The scorpion closely misses you.
You scratch the scorpion.
You bite the scorpion, but do no damage.
The scorpion is almost dead.
The scorpion stings you.
You die...

...........##
......[.....
...........#
...........#
...........#
...........###### #..
......s.......).# #..
#...@........## #..
###...........#####..
#.....<............
#..................
#..........#.......
###.######...# #...
#.# ### #... #.# ##..
#.. #..


You could see a scorpion.

Vanquished Creatures
  3 gnolls (D:3)
  An adder (D:2)
  2 worms
  A dart slug (D:3)
  A ball python (D:1)
  3 giant cockroaches
  4 goblins
  9 hobgoblins
  3 jackals (D:2)
  2 quokkas
  5 bats
  A giant newt (D:2)
  5 kobolds
  7 rats
47 creatures vanquished.

Notes
Turn   | Place    | Note
--------------------------------------------------------------
     0 | D:1      | namelastname112 the Felid Monk began the quest for the Orb.
     0 | D:1      | Reached XP level 1. HP: 10/10 MP: 2/2
   445 | D:1      | epen: в чём плюсы котов?
   450 | D:1      | epen: кроме EV
   457 | D:1      | epen: и скорости
   458 | D:1      | namelastname112: ни в чем
   612 | D:1      | Reached XP level 2. HP: 14/14 MP: 3/3
   729 | D:1      | epen: Лол
   729 | D:1      | namelastname112: ну
   729 | D:1      | namelastname112: мясо могут жрать
   729 | D:1      | epen: почему ты их не любишь?
   729 | D:1      | namelastname112: когда угодно
   729 | D:1      | namelastname112: ты играл котом когда-нибудь?
   729 | D:1      | namelastname112: нет
   729 | D:1      | epen: Нет
   729 | D:1      | namelastname112: их никто не любит
   729 | D:1      | namelastname112: потому что они сложные
   837 | D:1      | epen: вытащу котом 15 рун
   938 | D:1      | epen: и все охуееют
  1086 | D:1      | namelastname112: пффф
  1086 | D:1      | namelastname112: я вытаскивал
  1315 | D:1      | epen: лел
  1337 | D:2      | epen: и хули тогда?
  1380 | D:2      | epen: раз ты вытащил
  1405 | D:2      | epen: то и вытащу
  1483 | D:2      | namelastname112: тебя кобольд убьет на д:1 15 раз
  1483 | D:2      | namelastname112: и тебе надоест
  1562 | D:2      | Reached XP level 3. HP: 17/17 MP: 4/4
  2318 | D:3      | Found a shimmering altar of Xom.
  2318 | D:3      | Found a shimmering altar of Xom.
  2567 | D:3      | Found a glowing silver altar of Zin.
  2670 | D:3      | Reached XP level 4. HP: 12/21 MP: 5/5
  2806 | D:2      | Mangled by a gnoll
  2806 | D:2      | namelastname112: вот
  2806 | D:2      | namelastname112: видишь
  2806 | D:2      | namelastname112: вот почему никто не любит котов
  2806 | D:2      | namelastname112: потому что тебя гнолл в два удара ебет
  2807 | D:2      | Reached XP level 3. HP: -6/17 MP: 4/4
  3042 | D:4      | Noticed an ogre
  3410 | D:4      | Noticed a scorpion
  3422 | D:4      | Slain by a scorpion

Vault maps used:
D:1:      shiori_shiawase, columned_hall_lemuel
D:2:      first_bread, grunt_ministairs_1
D:3:      overflow_temple_1_default, minmay_large_rounded_square,
          xom_redecorated
D:4:      kennysheep_mini, kennysheep_vampire_church, grunt_gozag_breadcrumbs,
          minmay_temple_entry_hall, uniq_menkaure

Skill      XL: |  1  2 |
---------------+-------+-----
Stealth        | 3 |  3.6
Fighting       | |  3.7
Dodging        | |  4.5
Unarmed Combat | |  4.8

Action                   |  1- 3 |  4- 6 || total
-------------------------+-------+-------++-------
Melee: Unarmed           |   132 |     1 ||   133
 Stab: Sleeping          |    17 |       ||    17
       Distracted        |     1 |       ||     1
  Eat: Chunk             |     2 |       ||     2
